 Dungeon Crawl Stone Soup version 0.28.0-53-g5a82cb258f (webtiles) character file.

Game seed: 5058930288673731625

36 Sin92 the Chiller (level 3, -1/24 HPs)
             Began as a Demonspawn Ice Elementalist on July 19, 2022.
             Slain by a goblin
             ... wielding a +0 club
             ... led by Robin
              (3 damage)
             ... on level 2 of the Dungeon.
             The game lasted 00:03:07 (2652 turns).

Sin92 the Chiller (Demonspawn Ice Elementalist)     Turns: 2652, Time: 00:03:08

Health: -1/24      AC:  2    Str: 14    XL:     3   Next: 19%
Magic:  6/6        EV: 12    Int: 16    God:
Gold:   24         SH:  0    Dex: 15    Spells: 5/6 levels left

rFire   + . .      SeeInvis .   c - +0 dagger
rCold   + . .      Faith    .   (no shield)
rNeg    . . .      Spirit   .   a - +0 robe
rPois   +          Reflect  .   (helmet restricted)
rElec   +          Harm     .   (no cloak)
rCorr   +          Rampage  .   (no gloves)
Will    .....                   (no boots)
Stlth   +++.......              (no amulet)
HPRegen 0.08/turn               d - ring "Vacsaush" {Str+6 Stlth+}
MPRegen 0.10/turn               (no ring)

@: resistant
A: antennae 1
a: no special abilities


You were on level 2 of the Dungeon.
You visited 1 branch of the dungeon, and saw 2 of its levels.

You collected 24 gold pieces.

Inventory:

Hand Weapons
 c - a +0 dagger (weapon)
Armour
 a - a +0 robe (worn)
 b - a +0 pair of boots
Jewellery
 d - the ring "Vacsaush" (left hand) {Str+6 Stlth+}
   (You acquired it on level 1 of the Dungeon)

   [ring of strength]

   Str:       It affects your strength (+6).
   Stlth:     It makes you more stealthy.
Potions
 h - 2 potions of attraction {unknown}


   Skills:
 + Level 0.9 Short Blades
 + Level 2.2 Dodging
 + Level 2.2 Stealth
 + Level 2.3 Spellcasting
 + Level 3.8 Ice Magic


You had 5 spell levels left.
You knew the following spells:

 Your Spells              Type           Power      Damage    Failure   Level
a - Freeze                Ice            56%        1d7       4%          1

Your spell library contained the following spells:

 Spells                   Type           Power      Damage    Failure   Level
 Frozen Ramparts          Ice            28%        1d4       12%         3
 Ozocubu's Armour         Ice            14%        N/A       12%         3
 Hailstorm                Conj/Ice       7%         3d4       67%         4


Dungeon Overview and Level Annotations

Branches:
Dungeon (2/15)

Altars:

Annotations:
D:2 Robin


Innate Abilities, Weirdness & Mutations

You have a pair of small antennae on your head.


Message History

Robin is moderately wounded.
Robin completely misses you. The goblin closely misses you.
Unknown command.
You hit Robin.
Robin is moderately wounded.
Robin roars a battlecry!
The goblins go into a battle-frenzy!
The goblin misses you. The hobgoblin closely misses you.
You hit Robin.
Robin is heavily wounded.
Robin hits you with a +0 mace. The goblin hits you with a +0 club.
The hobgoblin hits you.
You hit Robin.
Robin is severely wounded.
The goblin hits you with a +0 club.
* * * LOW HITPOINT WARNING * * *
The hobgoblin closely misses you.
You barely miss Robin.
Robin is severely wounded.
Robin roars a battlecry!
The hobgoblin goes into a battle-frenzy!
The goblin hits you with a +0 club.
* * * LOW HITPOINT WARNING * * *
The hobgoblin closely misses you.
A goblin comes into view. It is wielding a +0 dagger.
The goblin shouts!
You hit Robin but do no damage.
Robin is severely wounded.
The hobgoblin barely misses you. The goblin closely misses you.
The hobgoblin closely misses you.
Unknown command.
You hit Robin but do no damage.
Robin is severely wounded.
The hobgoblin barely misses you. The goblin barely misses you.
The hobgoblin barely misses you.
Unknown command.
You closely miss Robin.
Robin is severely wounded.
The hobgoblin closely misses you. The goblin hits you with a +0 club.
You die...

### #....g.# ...... ##.#
#......###......#
.<.##+#.............>.
<..g...gg.....$......#
..g.g.g.........g....#
.............###g..[.###
##..........## #ggg...!.
#..†.......# ##.gg.....
#.....)....###g@gg.....
#..........##.g######..
#......^..{##.##
...#.......#..#
.#.#######..#.## ..
#..#.# #..#.# #..#)#
#..#.#


You could see Robin, 3 hobgoblins and 7 goblins.

Vanquished Creatures
  4 endoplasms (D:1)
  3 giant cockroaches (D:1)
  2 goblins (D:1)
  8 hobgoblins
  A quokka (D:1)
  A ball python (D:1)
  3 bats
  A frilled lizard (D:1)
  4 kobolds
  3 rats (D:1)
30 creatures vanquished.

Notes
Turn   | Place    | Note
-------+----------+-------------------------------------------
     0 | D:1      | Sin92 the Demonspawn Ice Elementalist began the quest for
                  | the Orb.
     0 | D:1      | Reached XP level 1. HP: 13/13 MP: 3/3
   440 | D:1      | Gained mutation: You have a pair of small antennae on your
                  | head. [demonic ancestry]
   440 | D:1      | Reached XP level 2. HP: 8/19 MP: 3/5
  2149 | D:1      | Reached XP level 3. HP: 24/24 MP: 6/6
  2285 | D:1      | Identified a scroll of acquirement
  2285 | D:1      | Acquired the ring "Vacsaush" {Str+6 Stlth+}
  2317 | D:2      | Noticed Robin
  2652 | D:2      | Slain by a goblin

Illustrated notes

Levels and vault maps discovered:
D:1:      minmay_arrival_up_and_down, layout_basic, st_stairs_1
D:2:      minmay_chambers_of_twos, layout_rooms,
          hellmonk_ecumenical_altar_prayer_group, chequers_jeans, uniq_robin

Skill      XL: |  1 |
---------------+----+-----
Dodging        | 2 |  2.2
Stealth        | 2 |  2.2
Short Blades   | |  0.9
Spellcasting   | |  2.3
Ice Magic      | |  3.8

Action                   || total
-------------------------++-------
Melee: Dagger            ||   151
       Punch             ||     1
 Cast: Freeze            ||    17
  Use: Scroll            ||     2
       Potion            ||     2
 Stab: Sleeping          ||     4
Armor: Robe              ||    24
Dodge: Dodged            ||   114
